 Dungeon Crawl Stone Soup version 0.24.0-123-gd5b16e6ec5 (webtiles) character file.

Game seed: 12047133274897114397, levelgen mode: deterministic

505 FishyPogo the Charmwright (level 7, -7/56 HPs)
             Began as a Gnoll Skald on Jan 9, 2020.
             Mangled by Prince Ribbit (16 damage)
             ... on level 5 of the Dungeon.
             The game lasted 00:13:13 (2983 turns).

FishyPogo the Charmwright (Gnoll Skald)             Turns: 2983, Time: 00:13:13

Health: -7/56      AC:  4    Str: 17    XL:     7   Next: 18%
Magic:  15/15      EV: 14    Int: 18    God:
Gold:   67         SH:  4    Dex: 14    Spells: 3/17 levels left

rFire    + + +     SeeInvis +   D - +1 war axe "Bocewaw" {flame, MR+ Str+4} (curse)
rCold    . . .     Gourm    .   A - +0 buckler
rNeg     . . .     Faith    .   z - +0 robe of the Pit {rPois rF+++ Str-3 Int-2 SInv} (curse)
rPois    +         Spirit   .   p - +0 helmet
rElec    .         Reflect  .   m - +0 cloak
rCorr    .         Harm     .   (no gloves)
MR       ++...                  (no boots)
Stlth    ++........             (no amulet)
HPRegen  0.18/turn              h - ring of protection from magic
MPRegen  0.14/turn              (no ring)

@: brilliant
A: distributed training, fangs 1, strong nose
a: no special abilities


You were on level 5 of the Dungeon.
You were not hungry.

You visited 1 branch of the dungeon, and saw 5 of its levels.

You collected 238 gold pieces.
You spent 171 gold pieces at shops.

Inventory:

Hand Weapons
 B - the +3 long sword "Oxot Odd" {drain, *Corrode MR+ Int+3 Dex+6}
   (You found it on level 4 of the Dungeon)

   A truly terrible weapon, it drains the life of those it strikes.
   It affects your intelligence (+3).
   It affects your dexterity (+6).
   It affects your resistance to hostile enchantments.
   It may corrode you when you take damage.
 D - the cursed +1 war axe "Bocewaw" (weapon) {flame, MR+ Str+4}
   (You found it on level 4 of the Dungeon)

   It has been specially enchanted to burn those struck by it, causing extra
   injury to most foes and up to half again as much damage against particularly
   susceptible opponents.
   Big, fiery blades are also staple armaments of hydra-hunters.
   It affects your strength (+4).
   It affects your resistance to hostile enchantments.
   It has a curse placed upon it.
Missiles
 f - 75 stones (quivered)
 l - 2 boomerangs of dispersal
 r - 6 boomerangs
Armour
 b - a +0 leather armour
 m - a +0 cloak (worn)
 p - a +0 helmet (worn)
 z - the cursed +0 robe of the Pit (worn) {rPois rF+++ Str-3 Int-2 SInv}
   (You bought it in a shop on level 4 of the Dungeon)

   It affects your strength (-3).
   It affects your intelligence (-2).
   It renders you almost immune to fire.
   It protects you from poison.
   It lets you see invisible.
   It has a curse placed upon it.
 A - a +0 buckler (worn)
Jewellery
 h - a ring of protection from magic (left hand)
Wands
 c - a wand of random effects (22)
Scrolls
 a - a scroll of identify
 e - 4 scrolls of teleportation
 i - a scroll of magic mapping
 n - 4 scrolls of remove curse
 q - 2 scrolls of fear {unknown}
 s - a scroll of fog {unknown}
 t - a scroll of blinking {unknown}
 w - a scroll of enchant weapon {unknown}
 y - a scroll of noise {unknown}
Potions
 g - 3 potions of flight {unknown}
 j - 2 potions of brilliance
 k - 2 potions of curing {unknown}
 o - a potion of agility {unknown}
 u - a potion of cancellation {unknown}
 v - a potion of heal wounds {unknown}
Comestibles
 d - 14 rations
 C - 3 chunks of flesh


   Skills:
 + Level 5.1 Fighting
 + Level 5.1 Short Blades
 + Level 2.2 Long Blades
 + Level 2.2 Axes
 + Level 2.2 Maces & Flails
 + Level 2.2 Polearms
 + Level 2.2 Staves
 + Level 2.2 Slings
 + Level 2.2 Bows
 + Level 2.2 Crossbows
 + Level 2.2 Throwing
 + Level 3.4 Armour
 + Level 5.1 Dodging
 + Level 2.2 Stealth
 + Level 2.2 Shields
 + Level 2.2 Unarmed Combat
 + Level 5.5 Spellcasting
 + Level 1.8 Conjurations
 + Level 1.8 Hexes
 + Level 5.7 Charms
 + Level 1.8 Summonings
 + Level 1.8 Necromancy
 + Level 1.8 Translocations
 + Level 1.8 Transmutations
 + Level 1.8 Fire Magic
 + Level 1.8 Ice Magic
 + Level 1.8 Air Magic
 + Level 1.8 Earth Magic
 + Level 1.8 Poison Magic
 + Level 2.5 Invocations
 + Level 2.2 Evocations


You had 3 spell levels left.
You knew the following spells:

 Your Spells              Type           Power        Failure   Level  Hunger
h - Regeneration          Chrm/Necr      ####......   1%          3    ##.....
k - Call Canine Familiar  Summ           ###.....     2%          3    ##.....
n - Spectral Weapon       Hex/Chrm       ####....     1%          3    ##.....
p - Shroud of Golubria    Chrm/Tloc      ####..       1%          2    #......
u - Song of Slaying       Chrm           #####...     1%          2    #......
y - Infusion              Chrm           ####         1%          1    None

Your spell library contained the following spells:

 Spells                   Type           Power        Failure   Level  Hunger
 Magic Dart               Conj           ###.         1%          1    None
 Summon Small Mammal      Summ           ###.         1%          1    None
 Blink                    Tloc           N/A          1%          2    #......
 Call Imp                 Summ           ###.....     1%          2    #......
 Slow                     Hex            ###.....     1%          2    #......
 Conjure Flame            Conj/Fire      ###.....     2%          3    ##.....
 Mephitic Cloud           Conj/Pois/Air  ###.....     2%          3    ##.....
 Summon Guardian Golem    Hex/Summ       ###.....     2%          3    ##.....
 Summon Ice Beast         Ice/Summ       ###.....     9%          4    ####...
 Summon Lightning Spire   Summ/Air       ###.....     9%          4    ####...


Dungeon Overview and Level Annotations

Branches:
Dungeon (5/15)             Temple (0/1) D:5

Altars:
Trog

Shops:
D:4 [

Annotations:
D:5 Prince Ribbit


Innate Abilities, Weirdness & Mutations

Your experience applies equally to all skills.
You have very sharp teeth.
Your uncanny sense of smell can sniff out nearby items.


Message History

Prince Ribbit is caught in the net!
Prince Ribbit is moderately wounded.
Prince Ribbit blinks!
You see here a throwing net.
x - a throwing net Throwing (i - inventory. (/) - cycle)
x - a throwing net (quivered)
Press: ? - help, Shift-Dir - straight line, f/p - Prince Ribbit
Aim: Prince Ribbit (moderately wounded)
You throw a throwing net.
The throwing net barely misses Prince Ribbit.
A necrophage comes into view.
You hit Prince Ribbit. You burn Prince Ribbit.
Prince Ribbit is heavily wounded.
Prince Ribbit barely misses you. Prince Ribbit hits you!
* * * LOW HITPOINT WARNING * * *
It was a potion of brilliance.
You feel clever all of a sudden. Prince Ribbit closely misses you.
Prince Ribbit hits you!
You die...

,*,,[.##.#.....#(...#*,∆,***
,,,,.,,.,......#....#**,##.**
,,****.,............#*.$...,*
,****..,............#......**
,,**,,,,,,........#(#..$.##*
,*,*,,,,*,.##.....#.......#***
,,,,,,,,*,,##.....(....$..#,,**
,,**,,,**,*#...............,,,**
,,**,,,**,*#...)@......$...,,,,*
,,,,,>**,∆,#...)F)........#**,,*
,,***,*,,.......(.....#....**,**
,,,*,,,,,..#....(..........*,,,*
,,,,,,,,*#,#.n........#....,,,>*
,,,,**,,**............##.,,,,,,*
,,,,,,,,,.............#,,*,,,,**
,,,,,,,,,.......(>......,*,,***
,,***,,,,......#(.......*****


You could see Prince Ribbit and a necrophage.

Vanquished Creatures
  Sigmund (D:2)
  2 scorpions
  A hound (D:4)
  A worker ant (D:2)
  A hound skeleton (D:2)
  A howler monkey skeleton (D:5)
  3 gnolls (D:4)
  5 adders
  3 oozes
  5 worms
  A dart slug (D:1)
  3 leopard geckos
  5 orcs
  4 giant cockroaches
  5 goblins
  5 hobgoblins
  3 jackals (D:4)
  2 quokkas (D:2)
  5 bats
  5 frilled lizards
  9 kobolds
  A leopard gecko zombie (D:5)
  A rat (D:1)
72 creatures vanquished.

Vanquished Creatures (collateral kills)
  A gnoll (D:4)
1 creature vanquished.

Grand Total: 73 creatures vanquished

Notes
Turn   | Place    | Note
-------+----------+-------------------------------------------
     0 | D:1      | FishyPogo the Gnoll Skald began the quest for the Orb.
     0 | D:1      | Reached XP level 1. HP: 20/20 MP: 6/6
    31 | D:1      | Reached XP level 2. HP: 24/26 MP: 0/7
    35 | D:1      | Learned a level 2 spell: Song of Slaying
    38 | D:1      | Learned a level 2 spell: Shroud of Golubria
   346 | D:1      | Reached XP level 3. HP: 30/31 MP: 9/9
   540 | D:1      | Reached skill level 5 in Spellcasting
   725 | D:2      | Reached skill level 1 in Invocations
   730 | D:2      | Learned a level 3 spell: Regeneration
   734 | D:2      | Learned a level 3 spell: Spectral Weapon
   741 | D:2      | Reached skill level 1 in Long Blades
   741 | D:2      | Reached skill level 1 in Axes
   741 | D:2      | Reached skill level 1 in Maces & Flails
   741 | D:2      | Reached skill level 1 in Polearms
   741 | D:2      | Reached skill level 1 in Staves
   741 | D:2      | Reached skill level 1 in Slings
   741 | D:2      | Reached skill level 1 in Bows
   741 | D:2      | Reached skill level 1 in Crossbows
   741 | D:2      | Reached skill level 1 in Throwing
   741 | D:2      | Reached skill level 1 in Stealth
   741 | D:2      | Reached skill level 1 in Shields
   741 | D:2      | Reached skill level 1 in Unarmed Combat
   741 | D:2      | Reached skill level 1 in Evocations
   831 | D:2      | Reached XP level 4. HP: 38/38 MP: 0/11
  1055 | D:2      | Noticed Sigmund
  1074 | D:3      | Reached skill level 1 in Conjurations
  1074 | D:3      | Reached skill level 1 in Hexes
  1074 | D:3      | Reached skill level 1 in Summonings
  1074 | D:3      | Reached skill level 1 in Necromancy
  1074 | D:3      | Reached skill level 1 in Translocations
  1074 | D:3      | Reached skill level 1 in Transmutations
  1074 | D:3      | Reached skill level 1 in Fire Magic
  1074 | D:3      | Reached skill level 1 in Ice Magic
  1074 | D:3      | Reached skill level 1 in Air Magic
  1074 | D:3      | Reached skill level 1 in Earth Magic
  1074 | D:3      | Reached skill level 1 in Poison Magic
  1167 | D:3      | Reached XP level 5. HP: 39/43 MP: 7/12
  1482 | D:3      | Found a bloodstained altar of Trog.
  1752 | D:2      | Killed Sigmund
  1752 | D:2      | Reached XP level 6. HP: 49/50 MP: 14/14
  2053 | D:4      | Reached skill level 5 in Fighting
  2053 | D:4      | Reached skill level 5 in Short Blades
  2053 | D:4      | Reached skill level 5 in Dodging
  2138 | D:4      | Got a jewelled long sword
  2139 | D:4      | Identified the cursed +3 long sword "Oxot Odd" {drain,
                  | *Corrode MR+ Int+3 Dex+6} (You found it on level 4 of the
                  | Dungeon)
  2221 | D:4      | Learned a level 3 spell: Call Canine Familiar
  2235 | D:4      | Found Wuwugilu's Antique Armour Shop.
  2361 | D:4      | Bought a twisted robe for 171 gold pieces
  2373 | D:4      | Identified the cursed +0 robe of the Pit {rPois rF+++ Str-3
                  | Int-2 SInv} (You bought it in a shop on level 4 of the
                  | Dungeon)
  2605 | D:4      | Got a jewelled war axe
  2606 | D:4      | Identified the cursed +1 war axe "Bocewaw" {flame, MR+
                  | Str+4} (You found it on level 4 of the Dungeon)
  2648 | D:4      | Reached XP level 7. HP: 56/56 MP: 15/15
  2849 | D:5      | Entered Level 5 of the Dungeon
  2943 | D:5      | Found a staircase to the Ecumenical Temple.
  2953 | D:5      | Noticed Prince Ribbit
  2983 | D:5      | Mangled by Prince Ribbit

Levels and vault maps discovered:
D:1:      psy_arrival_whirlpool, layout_rooms
D:2:      layout_rooms, guppyfry_early_lair_pool, uniq_sigmund
D:3:      layout_rooms, first_ration, lemuel_tele_altar
D:4:      layout_loops_ring, serial_shops, nicolae_shop_overgrown_old_shop
D:5:      layout_cave_pools, grunt_temple_overflow_open,
          minmay_temple_entry_ruins, ebering_dispersal_statue_hall,
          grunt_gozag_breadcrumbs, uniq_prince_ribbit1, uniq_eustachio

Skill      XL: |  1  2  3  4  5  6 |
---------------+-------------------+-----
Spellcasting   | 5 |  5.5
Invocations    | 1 2 |  2.5
Long Blades    | 1 2 |  2.2
Axes           | 1 2 |  2.2
Maces & Flails | 1 2 |  2.2
Polearms       | 1 2 |  2.2
Staves         | 1 2 |  2.2
Slings         | 1 2 |  2.2
Bows           | 1 2 |  2.2
Crossbows      | 1 2 |  2.2
Throwing       | 1 2 |  2.2
Stealth        | 1 2 |  2.2
Shields        | 1 2 |  2.2
Unarmed Combat | 1 2 |  2.2
Evocations     | 1 2 |  2.2
Conjurations   | 1 |  1.8
Hexes          | 1 |  1.8
Summonings     | 1 |  1.8
Necromancy     | 1 |  1.8
Translocations | 1 |  1.8
Transmutations | 1 |  1.8
Fire Magic     | 1 |  1.8
Ice Magic      | 1 |  1.8
Air Magic      | 1 |  1.8
Earth Magic    | 1 |  1.8
Poison Magic   | 1 |  1.8
Armour         | 3 |  3.4
Fighting       | 5 |  5.1
Short Blades   | 5 |  5.1
Dodging        | 5 |  5.1
Charms         | |  5.7

Action                   |  1- 3 |  4- 6 |  7- 9 || total
-------------------------+-------+-------+-------++-------
Melee: Short sword       |    89 |   119 |       ||   208
       Bite              |    12 |    20 |     3 ||    35
       Mace              |       |    45 |       ||    45
       Long sword        |       |     6 |       ||     6
       War axe           |       |     3 |    23 ||    26
Throw: Stone             |     2 |     2 |     5 ||     9
       Throwing net      |       |       |     2 ||     2
 Cast: Infusion          |     5 |     1 |       ||     6
       Shroud of Golubri |     1 |    15 |     1 ||    17
       Spectral Weapon   |     1 |     3 |       ||     4
       Regeneration      |       |     3 |       ||     3
       Call Canine Famil |       |     1 |       ||     1
  Use: Scroll            |       |     1 |     3 ||     4
       Potion            |       |       |     1 ||     1
 Stab: Sleeping          |     1 |     1 |     1 ||     3
       Distracted        |     1 |     1 |       ||     2
  Eat: Chunk             |       |     7 |     1 ||     8
Armor: Leather armour    |    15 |    27 |       ||    42
       Ring mail         |       |    21 |       ||    21
       Robe              |       |     3 |       ||     3
Dodge: Dodged            |    62 |   120 |    14 ||   196
Block: Buckler           |       |     3 |     4 ||     7
       Rpst.: Long sword |       |     3 |       ||     3
